 Dungeon Crawl Stone Soup version 0.30-a0-341-g682706514a (webtiles) character file.

Game seed: 8562954008427578877

152 drewk1942 the Shield-Bearer (level 5, 0/41 HPs)
             Began as a Gnoll Wanderer on Nov 2, 2022.
             Was a Follower of Okawaru.
             Killed by divine providence
             ... invoked by an orc priest
              (16 damage)
             ... on level 4 of the Dungeon.
             The game lasted 00:05:11 (2526 turns).

drewk1942 the Shield-Bearer (Gnoll Wanderer)        Turns: 2526, Time: 00:05:12

Health: 0/41       AC:  4    Str:  9    XL:     5   Next: 34%
Magic:  9/9        EV: 11    Int: 12    God:    Okawaru [*.....]
Gold:   46         SH:  7    Dex: 15    Spells: 7/10 levels left

rFire   . . .      SeeInvis .    l - +0 sling (drain)
rCold   . . .      Faith    .    c - +2 buckler
rNeg    . . .      Spirit   .    e - +0 robe
rPois   .          Reflect  .    (no helmet)
rElec   .          Harm     .    v - +1 cloak
rCorr   .          Rampage  .    (no gloves)
Will    .....                    (no boots)
Stlth   ++........               (no amulet)
HPRegen 0.26/turn                (no ring)
MPRegen 0.11/turn                (no ring)

@: no status effects
A: fangs 1, strong nose, distributed training
a: Renounce Religion, Heroism


You were on level 4 of the Dungeon.
You worshipped Okawaru.
Okawaru was aware of your devotion.
You visited 1 branch of the dungeon, and saw 4 of its levels.

You collected 106 gold pieces.
You spent 60 gold pieces at shops.

Inventory:

Hand Weapons
 a - a +0 dagger
 i - a +0 short sword
 k - a +0 sling
 l - a +0 sling of draining (weapon)
 z - the +3 spear of Untruth {vamp, Fly rC- Will+++ Dex-5}
   (You found it on level 4 of the Dungeon)

   It occasionally heals its wielder for a portion of the damage dealt when it
   wounds a living foe.
   Dex:       It affects your dexterity (-5).
   rC:        It makes you vulnerable to cold.
   Fly:       It grants you flight.
   Will:      It greatly increases your willpower.
Missiles
 b - 13 poisoned darts
 j - 14 stones
 n - 5 atropa-tipped darts
Armour
 c - a +2 buckler (worn)
 e - a +0 robe (worn)
 s - an orb of wrath
 v - a +1 cloak (worn)
Jewellery
 g - an amulet of faith
 x - a ring of poison resistance
Wands
 p - a wand of roots (7)
 y - a wand of flame (13)
Scrolls
 f - 2 scrolls of acquirement {unknown}
 h - 2 scrolls of magic mapping {unknown}
 o - a scroll of fog {unknown}
 q - a scroll of teleportation {unknown}
 r - 3 scrolls of identify {unknown}
 u - 2 scrolls of amnesia {unknown}
Potions
 d - 2 potions of curing
 m - a potion of might {unknown}
 w - a potion of lignification {unknown}


   Skills:
 + Level 3.0 Fighting
 + Level 1.5 Short Blades
 + Level 1.5 Long Blades
 + Level 1.5 Axes
 + Level 1.5 Maces & Flails
 + Level 1.5 Polearms
 + Level 1.5 Staves
 + Level 1.5 Ranged Weapons
 + Level 4.8 Throwing
 + Level 3.0 Armour
 + Level 1.5 Dodging
 + Level 1.5 Stealth
 + Level 4.8 Shields
 + Level 1.5 Unarmed Combat
 + Level 3.2 Spellcasting
 + Level 1.2 Conjurations
 + Level 1.2 Hexes
 + Level 1.2 Summonings
 + Level 4.0 Necromancy
 + Level 1.2 Translocations
 + Level 1.2 Transmutations
 + Level 1.2 Fire Magic
 + Level 1.2 Ice Magic
 + Level 1.2 Air Magic
 + Level 1.2 Earth Magic
 + Level 1.2 Poison Magic
 + Level 1.7 Invocations
 + Level 3.0 Evocations


You had 7 spell levels left.
You knew the following spells:

 Your Spells              Type           Power      Damage    Failure   Level
a - Frozen Ramparts       Ice            8%         1d2       50%         3

Your spell library contained the following spells:

 Spells                   Type           Power      Damage    Failure   Level
 Necrotise                Necr           44%        1d6       6%          1
 Sublimation of Blood     Necr           11%        N/A       9%          2
 Apportation              Tloc           8%         N/A       19%         1
 Freeze                   Ice            16%        1d4       19%         1
 Cigotuvi's Dreadful Rot  Necr/Pois/Air  14%        N/A       19%         2
 Hailstorm                Conj/Ice       4%         3d4       50%         3
 Summon Small Mammal      Summ           Unusable   N/A       N/A         1

Dungeon Overview and Level Annotations

Branches:
Dungeon (4/15)
 Temple: D:4-7

Altars:
Okawaru

Shops:
D:2 !

Annotations:
D:1 2 transporters
D:3 3 runed translucent doors, hikkokomori's ghost, amateur DgIE
D:4 Dowan; Duvessa


Innate Abilities, Weirdness & Mutations

You have very sharp teeth.
Your uncanny sense of smell can sniff out nearby items.
Your experience applies equally to all skills.


Message History

HP restored.
You float gracefully downwards.
You feel the dreadful sensation subside.
You sense an unholy aura.
l - a +0 sling of draining (weapon)
You see here a scorpion corpse.
An orc comes into view. It is wielding a +0 short sword.
The orc shouts!
An orc priest comes into view. It is wielding a +0 dagger.
You shoot a sling bullet. The orc priest shouts!
The sling bullet hits the orc.
You drain the orc.
The orc is almost dead.
An orc comes into view. It is wielding a +0 club.
Duvessa, Sister of Dowan comes into view.
She is wielding a +0 short sword.
You shoot a sling bullet.
Duvessa shouts!
The sling bullet hits the orc.
You kill the orc!
Okawaru accepts your kill.
You shoot a sling bullet.
The sling bullet closely misses the orc priest.
The sling bullet completely misses the orc.
The orc priest invokes the aid of Beogh against you.
Pain shoots through your body!
Dowan, Brother of Duvessa comes into view.
He is wielding a +0 dagger.
You shoot a sling bullet.
The sling bullet hits the orc priest but does no damage.
The orc priest mumbles some strange prayers to Beogh against you.
Pain shoots through your body!
You shoot a sling bullet. The sling bullet hits the orc priest.
The orc priest is lightly wounded.
The orc priest invokes the aid of Beogh against you.
Beogh smites you!
Dowan points at you and mumbles some strange words.
You resist with some effort.
You open the door.
The orc priest calls down the wrath of Beogh upon you.
Beogh smites you!
You die...

#..###..........#........ ∆
#..#.................#
#..#.#.######.#.#....#######
#..#.#..... #.#.#...........
#..#.#####.##.#.####.#######
#...........#+#......##
#..########...........######
+#####.........'...........'.....
.......#########@.o..o.....######
.......# #####+#e...#......
....†..# #.##.#.##### .......#
#o.#.#.##### .......#
######+#o..†....... .......#
........e.#.#.##### .......#
..........#.#.# ..PPP..#
........###.#.# .PPP.P....
....ee..# #.#..


You could see Dowan, an orc priest and an orc.

Vanquished Creatures
  A scorpion (D:4)
  Robin (D:2)
  An adder (D:3)
  4 dart slugs
  An orc (D:4)
  A bat (D:1)
  2 endoplasms
  4 giant cockroaches
  9 goblins
  13 hobgoblins
  3 jackals
  2 quokkas
  4 ball pythons
  3 frilled lizards
  5 kobolds
  3 rats
57 creatures vanquished.

Notes
Turn   | Place    | Note
-------+----------+-------------------------------------------
     0 | D:1      | drewk1942 the Gnoll Wanderer began the quest for the Orb.
     0 | D:1      | drewk1942 set off with the following items: a +0 dagger, 9
                  | poisoned darts, a +2 buckler, a potion of curing, a +0
                  | robe; and the following spells available to memorise:
                  | Sublimation of Blood, Cigotuvi's Dreadful Rot.
     0 | D:1      | Reached XP level 1. HP: 17/17 MP: 4/4
   313 | D:1      | Reached XP level 2. HP: 16/23 MP: 5/5
  1027 | D:2      | Reached XP level 3. HP: 28/28 MP: 7/7
  1039 | D:2      | Noticed Robin
  1041 | D:2      | Reached skill level 1 in Invocations
  1044 | D:2      | Killed Robin
  1048 | D:2      | Reached skill level 1 in Short Blades
  1048 | D:2      | Reached skill level 1 in Long Blades
  1048 | D:2      | Reached skill level 1 in Axes
  1048 | D:2      | Reached skill level 1 in Maces & Flails
  1048 | D:2      | Reached skill level 1 in Polearms
  1048 | D:2      | Reached skill level 1 in Staves
  1048 | D:2      | Reached skill level 1 in Ranged Weapons
  1048 | D:2      | Reached skill level 1 in Dodging
  1048 | D:2      | Reached skill level 1 in Stealth
  1048 | D:2      | Reached skill level 1 in Unarmed Combat
  1163 | D:2      | Found a faded altar of an unknown god.
  1250 | D:2      | Reached XP level 4. HP: 34/34 MP: 8/8
  1256 | D:2      | Prayed at the altar of an unknown god.
  1256 | D:2      | Became a worshipper of Warmaster Okawaru
  1256 | D:2      | Reached * piety under Okawaru
  1471 | D:2      | Found Biyzizo's Distillery.
  1488 | D:2      | Bought a potion of heal wounds for 60 gold pieces
  1765 | D:3      | Found a runed translucent gate.
  1765 | D:3      | Found a runed translucent gate.
  1765 | D:3      | Found a runed translucent gate.
  1766 | D:3      | Noticed hikkokomori's ghost (amateur DgIE)
  2077 | D:3      | Reached skill level 1 in Conjurations
  2077 | D:3      | Reached skill level 1 in Hexes
  2077 | D:3      | Reached skill level 1 in Summonings
  2077 | D:3      | Reached skill level 1 in Translocations
  2077 | D:3      | Reached skill level 1 in Transmutations
  2077 | D:3      | Reached skill level 1 in Fire Magic
  2077 | D:3      | Reached skill level 1 in Ice Magic
  2077 | D:3      | Reached skill level 1 in Air Magic
  2077 | D:3      | Reached skill level 1 in Earth Magic
  2077 | D:3      | Reached skill level 1 in Poison Magic
  2108 | D:3      | Learned a level 3 spell: Frozen Ramparts
  2363 | D:4      | Identified the +3 spear of Untruth {vamp, Fly rC- Will+++
                  | Dex-5}
  2393 | D:4      | Noticed a scorpion
  2405 | D:4      | HP: 1/34 [scorpion (6)]
  2411 | D:4      | Killed a scorpion
  2412 | D:4      | Reached XP level 5. HP: 17/41 MP: 9/9
  2510 | D:4      | Noticed Duvessa
  2512 | D:4      | Noticed Dowan
  2526 | D:4      | Killed from afar by an orc priest

Illustrated notes

Levels and vault maps discovered:
D:1:      spicycebolla_arrival_transporter_tutorial, layout_loops_ring,
          chequers_serial_rivers_large_b, minmay_pentomino_o2
D:2:      layout_basic, chequers_ecumenical_altar_simple_redux, serial_shops,
          shop, uniq_robin
D:3:      minmay_evil_eye, layout_rooms, gammafunk_ghost_necromancy
D:4:      layout_basic, nicolae_vehumet_radiance, dreamdust_mushroom_princess,
          minmay_a_box_with_orc_wizards_in_it, uniq_duvessa

Skill      XL: |  1  2  3  4 |
---------------+-------------+-----
Invocations    | 1 |  1.7
Short Blades   | 1 |  1.5
Long Blades    | 1 |  1.5
Axes           | 1 |  1.5
Maces & Flails | 1 |  1.5
Polearms       | 1 |  1.5
Staves         | 1 |  1.5
Ranged Weapons | 1 |  1.5
Dodging        | 1 |  1.5
Stealth        | 1 |  1.5
Unarmed Combat | 1 |  1.5
Spellcasting   | 3 |  3.2
Conjurations   | 1 |  1.2
Hexes          | 1 |  1.2
Summonings     | 1 |  1.2
Translocations | 1 |  1.2
Transmutations | 1 |  1.2
Fire Magic     | 1 |  1.2
Ice Magic      | 1 |  1.2
Air Magic      | 1 |  1.2
Earth Magic    | 1 |  1.2
Poison Magic   | 1 |  1.2
Fighting       | 3 |  3.0
Armour         | 3 |  3.0
Necromancy     | 4 |  4.0
Evocations     | 3 |  3.0
Throwing       | |  4.8
Shields        | |  4.8

Action                   |  1- 3 |  4- 6 || total
-------------------------+-------+-------++-------
Melee: Dagger            |    34 |       ||    34
       Bite              |     2 |     1 ||     3
       Spear             |       |    16 ||    16
 Fire: Sling             |    69 |    73 ||   142
Throw: Dart              |     7 |       ||     7
  Use: Potion            |       |     1 ||     1
Armor: Robe              |     8 |     5 ||    13
Dodge: Dodged            |    33 |    30 ||    63
Block: Buckler           |    18 |    14 ||    32

Table legend: (Time is in decaauts)
 A = Elapsed time spent in this place.
 B = Non-inter-level travel time spent in this place.
 C = Inter-level travel time spent in this place.
 D = Time resting spent in this place.
 E = Time spent auto-exploring this place.
 F = Levels seen in this place.
 G = Mean time per level.
                   A        B        C        D        E       F      G
               +--------+--------+--------+--------+--------+-----+--------+
         Total |   2611 |   2516 |     95 |     92 |   2022 |   4 |  652.8 |
       Dungeon |   2611 |   2516 |     95 |     92 |   2022 |   4 |  652.8 |
               +--------+--------+--------+--------+--------+-----+--------+

Top non-repeatable levels by time:
     D:1: 1017 daAuts
     D:3: 678 daAuts
     D:2: 677 daAuts
     D:4: 238 daAuts
